 Dungeon Crawl Stone Soup version 0.31-a0-819-gf6de2f5ab6 (webtiles) character file.

Game seed: 15466397575944884640

872 qw the Skirmisher (level 8, 0/48 HPs)
             Began as a Gargoyle Hunter on Sept 23, 2023.
             Slain by a scorpion (5 damage)
             ... on level 4 of the Dungeon.
             The game lasted 00:01:04 (2710 turns).

qw the Skirmisher (Gargoyle Hunter)                 Turns: 2710, Time: 00:01:04

Health: 0/48       AC:  8    Str: 19    XL:     8   Next: 4%
Magic:  0/8        EV: 12    Int:  9    God:
Gold:   38         SH:  0    Dex: 14    Spells: 7/7 levels left

rFire   . . .        Y - +3 sling (drain)
rCold   . . .        (no shield)
rNeg    + . .        c - +0 leather armour
rPois   inf          (no helmet)
rElec   +            (no cloak)
rCorr   .            (no gloves)
SInv    .            (no boots)
Will    +....        d - amulet of guardian spirit
Stlth   +            (no ring)
HPRegen 0.28/turn    (no ring)
MPRegen 0.11/turn

%: guardian spirit
@: no status effects
A: sickness immunity, AC +5, negative energy resistance 1, electricity
resistance, torment resistance 1, petrification resistance, strong-willed 1,
strong 1
a: no special abilities


You were on level 4 of the Dungeon.
You visited 1 branch of the dungeon, and saw 4 of its levels.

You collected 94 gold pieces.
You spent 56 gold pieces at shops.


Innate Abilities, Weirdness & Mutations

You are immune to sickness and miasma.
Your stone body is resilient. (AC +5)
You are immune to poison.
You resist negative energy. (rN+)
You are resistant to electric shocks. (rElec)
You are resistant to unholy torment.
You are immune to petrification.
You are strong-willed. (Will+)
Your muscles are strong. (Str +4, Int/Dex -1)


   Skills:
 + Level 4.7 Fighting
 - Level 8.0 Ranged Weapons
 - Level 1.0 Armour
 - Level 3.3 Dodging
 - Level 1.1 Stealth


You had 7 spell levels left.
You didn't know any spells.
Your spell library was empty.

Inventory:

Hand Weapons
 e - a +0 shortbow
 Y - a +3 sling of draining (weapon)
Armour
 c - a +0 leather armour (worn)
 f - a +0 ring mail
Jewellery
 d - an amulet of guardian spirit (around neck)
Scrolls
 a - a scroll of identify
 g - a scroll of enchant armour
Potions
 h - a potion of might {unknown}
 j - a potion of curing
 k - a potion of mutation
 l - 2 potions of enlightenment
 n - a potion of berserk rage {unknown}

Dungeon Overview and Level Annotations

Branches:
Dungeon (4/15)
 Temple: D:4-7

Altars:

Shops:
D:4 **


Message History

The sling bullet hits the scorpion but does no damage.
You drain the scorpion.
The scorpion is heavily wounded.
The scorpion barely misses you.
The scorpion stings you but does no damage.
A scorpion comes into view.
The scorpion closely misses you.
The scorpion stings you but does no damage.
You shoot a sling bullet. The sling bullet hits the scorpion.
The scorpion is severely wounded.
The scorpion stings you but does no damage.
The scorpion stings you.
The scorpion evades a web.
You shoot a sling bullet. The sling bullet hits the scorpion.
The scorpion is almost dead.
The scorpion stings you but does no damage.
The scorpion stings you.
You shoot a sling bullet.
The sling bullet hits the scorpion but does no damage.
You drain the scorpion.
You kill the scorpion!
The scorpion stings you.
The scorpion is caught in a web!
You have reached level 8!
You feel stronger.
You shoot a sling bullet.
The sling bullet barely misses the scorpion.
The bat evades a web.
A bat comes into view.
The scorpion barely misses you.
The scorpion struggles to get unstuck from the web.
The scorpion closely misses you.
You shoot a sling bullet.
The sling bullet barely misses the scorpion.
The bat barely misses you.
The scorpion pulls away from the web.
The bat barely misses you. The scorpion closely misses you.
You shoot a sling bullet. The sling bullet hits the scorpion.
The scorpion is lightly wounded.
The bat closely misses you. The scorpion misses you.
You shoot a sling bullet.
The sling bullet barely misses the scorpion.
The bat closely misses you. The bat barely misses you. The scorpion stings you.
You die...

##.## #
###.#
....#
#####
## . .#
^.# .#
####^.#
.#
#@bs^#
.#
#%s####
.# #.##
.# #.
.# #.
.####
##
....#
..###
###


You could see 2 scorpions and a bat.

Vanquished Creatures
  Grinder (D:3)
  Sigmund (D:3)
  2 ogres
  A scorpion (D:4)
  Jessica (D:2)
  Natasha (thrice) (D:2)
  An iguana (D:3)
  An orc wizard (D:4)
  5 gnolls
  A worm (D:3)
  2 dart slugs
  8 orcs
  7 bats
  4 endoplasms
  2 giant cockroaches
  5 goblins
  2 hobgoblins
  14 jackals
  5 kobolds
  5 quokkas
  3 frilled lizards
  3 rats
  A spectral hobgoblin (D:1)
78 creatures vanquished.

Notes
Turn   | Place    | Note
-------+----------+-------------------------------------------
     0 | D:1      | qw the Gargoyle Hunter began the quest for the Orb.
     0 | D:1      | Reached XP level 1. HP: 12/12 MP: 1/1
     0 | D:1      | 0 ||| qw: Version: 0.3-a-83-gcd0e7d8
     0 | D:1      | 0 ||| qw: Game counter: 1659
     0 | D:1      | 0 ||| qw: Melee chars always use a shield: true
     0 | D:1      | 0 ||| qw: God list: Okawaru
     0 | D:1      | 0 ||| qw: Allow faded altars: false
     0 | D:1      | 0 ||| qw: Do Orc after clearing Dungeon:15 true
     0 | D:1      | 0 ||| qw: Do second Lair branch before Depths: true
     0 | D:1      | 0 ||| qw: Lair rune preference: random
     0 | D:1      | 0 ||| qw: Goals: Normal
     0 | D:1      | 0 ||| PLANNING D:1-11
     6 | D:1      | Noticed an iguana
     6 | D:1      | Noticed a salamander
     6 | D:1      | Noticed a redback
     7 | D:1      | Noticed a wolf
     7 | D:1      | Noticed a wyvern
   191 | D:1      | Reached XP level 2. HP: 17/17 MP: 2/2
   432 | D:1      | Reached XP level 3. HP: 15/21 MP: 3/3
   484 | D:1      | Reached skill level 5 in Ranged Weapons
   645 | D:1      | Found a faded altar of an unknown god.
   826 | D:1      | 826 ||| READING scroll labelled SUPNUH POUSO.
   826 | D:1      | Identified a scroll of acquirement
   826 | D:1      | 826 ||| ACQUIRING +3 sling of draining
   826 | D:1      | Acquired a +3 sling of draining
   828 | D:1      | 828 ||| SWAPPING to +3 sling of draining.
   829 | D:1      | 829 ||| READING 2 scrolls labelled CEYMUOR USUUS.
   830 | D:1      | 830 ||| READING scroll labelled KYDEYWI SEIVOGH.
   831 | D:1      | 831 ||| READING 2 scrolls labelled YSAYNIMIST.
   832 | D:1      | 832 ||| READING scroll labelled INYOSY RAJETUE.
   833 | D:1      | 833 ||| DROPPING scroll of butterflies.
   942 | D:2      | Noticed Natasha
   947 | D:2      | Killed Natasha
   948 | D:2      | Reached skill level 3 in Fighting
   948 | D:2      | Reached XP level 4. HP: 28/28 MP: 4/4
   960 | D:2      | Noticed an ogre
   964 | D:2      | Killed an ogre
   965 | D:2      | Reached XP level 5. HP: 32/32 MP: 5/5
   995 | D:2      | Noticed Natasha
   997 | D:2      | Killed Natasha
   998 | D:2      | Reached skill level 6 in Ranged Weapons
  1002 | D:2      | Noticed Jessica
  1007 | D:2      | Killed Jessica
  1179 | D:2      | Noticed Natasha
  1185 | D:2      | Killed Natasha
  1246 | D:2      | Reached XP level 6. HP: 38/38 MP: 6/6
  1371 | D:2      | 1371 ||| UPGRADING to amulet of guardian spirit.
  1376 | D:2      | 1376 ||| READING 3 scrolls labelled YSAERY BAMN.
  1381 | D:2      | 1381 ||| DRINKING 2 amethyst potions.
  1424 | D:3      | Noticed Sigmund
  1429 | D:3      | Noticed Grinder
  1430 | D:3      | 1430 ||| Stepping ~*~*~tactically~*~*~ (retreating).
  1431 | D:3      | 1431 ||| Stepping ~*~*~tactically~*~*~ (retreating).
  1439 | D:3      | Killed Sigmund
  1440 | D:3      | Reached skill level 7 in Ranged Weapons
  1457 | D:3      | HP: 6/38 [Grinder (6)]
  1458 | D:3      | 1458 ||| READING 2 scrolls of teleportation.
  1460 | D:3      | 1460 ||| FLEEEEING.
  1462 | D:3      | 1462 ||| FLEEEEING.
  1463 | D:3      | 1463 ||| FLEEEEING.
  1464 | D:3      | 1464 ||| FLEEEEING.
  1465 | D:3      | 1465 ||| STAIRDANCE
  1588 | D:3      | 1588 ||| STAIRDANCE
  1820 | D:3      | Killed Grinder
  1821 | D:3      | Reached skill level 3 in Dodging
  1821 | D:3      | Reached XP level 7. HP: 28/43 MP: 4/7
  2387 | D:3      | 2387 ||| READING 3 scrolls labelled LELYLE CIWIN.
  2417 | D:3      | 2417 ||| DRINKING 2 silvery potions.
  2418 | D:3      | 2418 ||| DRINKING 2 lumpy emerald potions.
  2418 | D:3      | Gained mutation: You are strong-willed. (Will+) [potion of
                  | mutation]
  2418 | D:3      | Gained mutation: Your muscles are strong. (Str +4, Int/Dex
                  | -1) [potion of mutation]
  2419 | D:3      | 2419 ||| DRINKING 3 golden potions.
  2420 | D:3      | 2420 ||| READING 2 scrolls of identify.
  2420 | D:3      | 2420 ||| IDENTIFYING metallic grey potion
  2421 | D:3      | 2421 ||| DROPPING potion of invisibility.
  2422 | D:3      | 2422 ||| DROPPING 2 scrolls of torment.
  2477 | D:4      | Found Veocut's Specific Store.
  2478 | D:4      | Found Evyefaoh's General Store.
  2494 | D:4      | 2494 ||| BUYING +0 ring mail (56 gold).
  2494 | D:4      | Bought a +0 ring mail for 56 gold pieces
  2494 | D:4      | 2494 ||| SHOPLISTING potion of curing (42 gold, have 22).
  2498 | D:4      | 2498 ||| SHOPLISTING potion of might (56 gold, have 22).
  2529 | D:4      | 2529 ||| FLEEEEING.
  2680 | D:4      | Reached skill level 8 in Ranged Weapons
  2686 | D:4      | Reached skill level 1 in Armour
  2689 | D:4      | HP: 9/43 [orc/+1 heavy mace (7)]
  2690 | D:4      | 2690 ||| READING scroll of teleportation.
  2691 | D:4      | 2691 ||| DRINKING potion of heal wounds.
  2700 | D:4      | HP: 8/43 [scorpion (4)]
  2705 | D:4      | HP: 7/43 [scorpion (1)]
  2707 | D:4      | Reached XP level 8. HP: 4/48 MP: 0/8
  2710 | D:4      | Slain by a scorpion

Levels and vault maps discovered:
D:1:      onia_arrival_zoo_common, layout_loops_corners,
          dreamdust_ecumenical_altar_drowned_temple, nicolae_grassy_gnolls
D:2:      layout_basic, serial_corexii_hall, corexii_hall_statues_s,
          corexii_hall_statues_l, uniq_natasha, uniq_jessica
D:3:      layout_basic, uniq_grinder, uniq_sigmund
D:4:      old_forge, layout_loops_ring, mainiacjoe_overflow_swirl,
          minmay_temple_entry_proselytizer, chequers_serial_rivers_micro_c,
          serial_bayou_pond_e, nicolae_specific_store, uniq_robin

Skill      XL: |  1  2  3  4  5  6  7 |
---------------+----------------------+-----
Ranged Weapons | 5 6 7 8 |  8.0
Fighting       | 3 4 |  4.7
Dodging        | 3 |  3.3
Armour         | 1 |  1.0
Stealth        | |  1.1

Action                     |  1- 3 |  4- 6 |  7- 9 || total
---------------------------+-------+-------+-------++-------
   Fire: Shortbow          |    45 |       |       ||    45
         Sling             |     7 |    74 |   111 ||   192
    Use: Scroll            |     5 |     2 |     3 ||    10
         Potion            |       |     1 |     4 ||     5
 Armour: Leather armour    |    11 |    24 |    47 ||    82
  Dodge: Dodged            |    11 |     9 |    49 ||    69

Table legend:
 A = Non-vault XP
 B = Vault XP
 C = Vault XP percentage of total XP
 D = Non-vault monster count
 E = Vault monster count
 F = Vault count percentage of total count
                 A         B        C        D         E       F
            +---------+---------+-------+---------+---------+-------
      Total |     560 |     687 |  55.1 |      69 |       9 |  11.5
            +---------+---------+-------+---------+---------+-------
        D:1 |      30 |      15 |  33.3 |      15 |       2 |  11.8
        D:2 |     205 |      73 |  26.3 |      12 |       2 |  14.3
        D:3 |      86 |     505 |  85.4 |      25 |       2 |   7.4
        D:4 |     239 |      94 |  28.2 |      17 |       3 |  15.0
            +---------+---------+-------+---------+---------+-------
